 Dungeon Crawl Stone Soup version 0.25.0-1-g7eea58d2a3 (webtiles) character file.

Game seed: 583080382238926285

44 Peloso the Skirmisher (level 3, 19/29 HPs)
             Began as a Demonspawn Fighter on June 13, 2020.
             Got out of the dungeon alive.
             The game lasted 00:01:42 (1108 turns).

Peloso the Skirmisher (Demonspawn Fighter)          Turns: 1108, Time: 00:01:42

Health: 19/29      AC:  6    Str: 17    XL:     3   Next: 41%
Magic:  3/3        EV:  7    Int:  9    God:
Gold:   35         SH:  9    Dex: 12    Spells: 2/2 levels left

rFire    . . .     SeeInvis .   a - +0 long sword
rCold    . . .     Gourm    .   c - +0 kite shield
rNeg     . . .     Faith    .   b - +0 scale mail
rPois    .         Spirit   +   (no helmet)
rElec    .         Reflect  .   (no cloak)
rCorr    .         Harm     .   (no gloves)
MR       .....     Rnd*Rage +   (no boots)
Stlth    ..........             (no amulet)
HPRegen  0.09/turn              (no ring)
MPRegen  0.08/turn              (no ring)

@: no status effects
A: claws 1, talons 1, berserk 1, magic shield
a: no special abilities


You escaped.
You were not hungry.

You visited 1 branch of the dungeon, and saw 2 of its levels.

You collected 35 gold pieces.

Inventory:

Hand Weapons
 a - a +0 long sword (weapon)
Armour
 b - a +0 scale mail (worn)
 c - a +0 kite shield (worn)
Scrolls
 g - a scroll of identify {unknown}
 j - a scroll of blinking {unknown}
Potions
 d - a potion of might
 i - a potion of degeneration {unknown}
 k - a potion of ambrosia {unknown}
 l - a potion of resistance {unknown}
Comestibles
 f - 2 rations
 m - 5 chunks of flesh


   Skills:
 + Level 3.3 Fighting
 + Level 2.3 Long Blades
 + Level 3.1 Armour
 + Level 0.1 Dodging
 + Level 0.1 Stealth
 + Level 3.0 Shields


You had 2 spell levels left.
You didn't know any spells.
Your spell library was empty.

Dungeon Overview and Level Annotations

Branches:
Dungeon (2/15)

Altars:


Innate Abilities, Weirdness & Mutations

When hurt, damage is shared between your health and your magic reserves.
You have sharp fingernails.
You have sharp toenails.
You tend to lose your temper in combat.


Message History

The goblin shouts!
Found a murky coppery potion.
You feel sick.
You are no longer poisoned.
Your shield and scale mail prevent you from hitting the goblin.
Your kick misses the goblin. The goblin hits you with a +0 club.
You hit the goblin.
You kill the goblin!
You see here a +0 club.
(D) Dungeon
Where to? (Enter - D:1 @ (x,y), ? - help)
There is a stone staircase leading up here.
You climb upwards.
There is a stone staircase leading down here.
There is a fountain of clear blue water here.
There is a staircase leading out of the dungeon here.
Are you sure you want to leave the Dungeon?
This will make you lose the game!
Alright, then stay!
Are you sure you want to leave the Dungeon?
This will make you lose the game!
You have escaped!

.# #.#....#############.#.##.....
.# #.#.##.#########.....#.###'###
.# #.#..#...........#####.# #.#
.###.##.####.##..#..#####.# #.# #
.#......................#.# #.# #
.#.#.##....##♣♣♣.♣♣♣##..#.# #.###
.#.#.......# ♣⌠♣ #..#.###....
.#.#.......♣♣♣♣♣.♣♣♣♣♣..#........
.#............⌠.@.⌠.....#########
######.#...♣♣♣♣♣.♣♣♣♣♣..#########
...(.......# ♣⌠♣ #...##......
######.##..##♣♣♣.♣♣♣##...##.#####
#.##.................#.#
#...#.............#..#.#
######........##.....#..#.#
#........#######........#.#
#.###..#############......#


There were no monsters in sight!

Vanquished Creatures
  3 adders (D:2)
  4 giant cockroaches
  3 goblins
  2 hobgoblins (D:1)
  A frilled lizard (D:1)
  4 kobolds
  A rat (D:1)
18 creatures vanquished.

Notes
Turn   | Place    | Note
-------+----------+-------------------------------------------
     0 | D:1      | Peloso the Demonspawn Fighter began the quest for the Orb.
     0 | D:1      | Reached XP level 1. HP: 18/18 MP: 1/1
   470 | D:1      | Gained mutation: When hurt, damage is shared between your
                  | health and your magic reserves. [demonic ancestry]
   470 | D:1      | Reached XP level 2. HP: 24/24 MP: 2/2
  1023 | D:2      | Reached XP level 3. HP: 28/29 MP: 1/3
  1042 | D:2      | Gained mutation: You have sharp toenails. [potion of
                  | mutation]
  1042 | D:2      | Gained mutation: You tend to lose your temper in combat.
                  | [potion of mutation]
  1042 | D:2      | Gained mutation: You have sharp fingernails. [potion of
                  | mutation]
  1108 | D:$      | Got out of the dungeon alive.

Illustrated notes

Levels and vault maps discovered:
D:1:      scummos_arrival_forest, layout_basic, serial_bayou_ford_a
D:2:      layout_rooms, kennysheep_slug_shrine, minmay_puff

Skill      XL: |  1  2  3 |
---------------+----------+-----
Long Blades    | 2 |  2.3
Armour         | 3 |  3.1
Shields        | 3 |  3.0
Fighting       | |  3.3
Dodging        | |  0.1
Stealth        | |  0.1

Action                   || total
-------------------------++-------
Melee: Long sword        ||    62
  Use: Potion            ||     2
  Eat: Chunk             ||     1
Armor: Scale mail        ||    40
Dodge: Dodged            ||    21
Block: Kite shield       ||    30
       Rpst.: Long sword ||    10
